Unix NetHack Version 3.7.0-73 Work-in-progress - last build Feb 17 2023 02:16:44 (48fe2e8c4a70f1d2d5b622443eb9b5bc1b8d05f7,branch:master). Game began 2023-02-23 22:36:34, ended 2023-02-23 22:56:10. microlance, lawful female dwarven Valkyrie ------------- |...........| |.-----..---- |.| |..| ------ |.| |..| |....| |.|----..| |..--- ------------------------------ |.||.....|---..|u...|............................| |.||.*.--|.....|.h..- -.............^............|.. |.||...| ---.|.|---.. |.............<.............^. |.|----- |.|-- |...|..........................|.. |.----------|--.---...---------------------------- |...................... ---------------------- Microlance the Fighter St:18/02 Dx:9 Co:20 In:8 Wi:8 Ch:10 Lawful S:1812 Dlvl:10 $:0 HP:0(70) Pw:10(7) AC:-1 Xp:6/338 T:3261 Latest messages: You hit the vampire bat. The vampire bat bites! The vampire bat just misses! You hit the vampire bat! The vampire bat bites! The vampire bat misses! The vampire bat misses! The vampire bat misses! You kill the vampire bat! Welcome to experience level 6. The black unicorn misses! The black unicorn misses! The black unicorn butts! The black unicorn kicks! You stop. The gnome is in the way! The black unicorn just misses! The black unicorn kicks! The black unicorn misses! The black unicorn misses! You miss the black unicorn. The black unicorn butts! The black unicorn kicks! The black unicorn misses! The black unicorn kicks! You hit the black unicorn! The black unicorn butts! The black unicorn kicks! The black unicorn butts! The black unicorn kicks! You miss the black unicorn. The black unicorn misses! The black unicorn kicks! The black unicorn misses! The black unicorn kicks! You feel more confident in your weapon skills. You hit the black unicorn! The black unicorn misses! The black unicorn kicks! The black unicorn butts! The black unicorn misses! You hit the black unicorn! The black unicorn butts! The black unicorn misses! The black unicorn butts! The black unicorn kicks! You are not standing on an altar. Are you sure you want to pray? [yn] (n) You begin praying to Tyr. The black unicorn butts! You die... Inventory: Weapons (')') b - a blessed +0 dagger (alternate weapon; not wielded) a - a corroded +1 dwarvish spear (weapon in hand) N - a +0 aklys Armor ('[') c - an uncursed +3 small shield (being worn) e - an uncursed +0 plate mail (being worn) Comestibles ('%') d - 4 uncursed food rations K - an uncursed melon P - an uncursed lizard corpse Scrolls ('?') R - a blessed scroll of taming M - a blessed scroll of teleportation Potions ('!') L - an uncursed potion of see invisible Rings ('=') h - an uncursed +1 ring of increase accuracy (on left hand) Tools ('(') J - an uncursed blindfold Q - a can of grease (0:24) t - a blessed magic lamp r - an uncursed skeleton key Microlance the Valkyrie's attributes: Background: You were a Fighter, a level 6 dwarven Valkyrie. You were lawful, on a mission for Tyr who was opposed by Odin (neutral) and Loki (chaotic). You were in the Gnomish Mines, on level 10. You entered the dungeon 3261 turns ago. It was nighttime. You had 338 experience points, 302 more were needed to attain level 7. Your score was 1812 before end-of-game adjustments. Basics: You had 0 out of 70 hit points. You had 10 out of 7 energy points (spell power). Your armor class was -1. Your wallet was empty. Autopickup was on for '$?!"=/' plus thrown, with exceptions. Final Characteristics: Your strength was 18/02 (peak:18/03, limit:18/100). Your dexterity was 9 (limit:20). Your constitution was 20 (limit:20). Your intelligence was 8 (limit:16). Your wisdom was 8 (limit:16). Your charisma was 10 (limit:16). Final Status: You were not hungry. You were unencumbered. You were wielding a spear. You had basic skill with spear and could have enhanced that. Final Attributes: You were piously aligned. You were cold resistant. You had infravision. You were stealthy. You had a small bonus to hit (+1). You were guarded. You are dead. Miscellaneous: You disabled loading of bones levels. Total elapsed playing time was 19 minutes and 36 seconds. Major events: Turn 1: microlance the lawful dwarven Valkyrie entered the dungeon 852: entered the Gnomish Mines 1440: attained the rank of Skirmisher (level 3) 1778: reached Mine Town 3243: attained the rank of Fighter (level 6) 3261: killed by a black unicorn, while praying Vanquished creatures: a giant beetle 2 panthers a vampire bat a lizard a straw golem 2 giant ants a little dog 2 rothes a rabid rat a centipede a giant bat an iguana an acid blob 2 coyotes a gas spore a yellow mold a green mold 6 gnomes 2 garter snakes 2 geckos a jackal a fox 3 sewer rats 4 grid bugs 3 lichens a kobold zombie 3 newts 47 creatures vanquished. No species were genocided or became extinct. Voluntary challenges: You read items or engraved 5 times. You never engraved Elbereth. You never genocided any monsters. You never polymorphed an object. You never changed form. You used no wishes. Achievements: You entered the Gnomish Mines. You attained the rank of Skirmisher. You entered Minetown. You entered a temple. You entered a shop. You attained the rank of Fighter. The Dungeons of Doom: levels 1 to 2 Level 1: A fountain. Level 2: A sink. Stairs down to The Gnomish Mines. The Gnomish Mines: levels 3 to 10 Level 3: Level 4: Level 5: Level 6: Many shops, a temple, some fountains, some trees. Level 7: Level 8: Level 9: Level 10: <- You were here. Final resting place for you, killed by a black unicorn, while praying. Game over: ---------- / \ / REST \ / IN \ / PEACE \ / \ | microlance | | 0 Au | | killed by a | | black unicorn | | | | | | 2023 | *| * * * | * _________)/\\_//(\/(/\)/\//\/|_)_______ Farvel microlance the Valkyrie... You died in The Gnomish Mines on dungeon level 10 with 1812 points, and 0 pieces of gold, after 3261 moves. You were level 6 with a maximum of 70 hit points when you died.